Map: [ESL] Hecate

Players

LiquidCure (Cure) - Winner!

  • Race: Terran Terran
  • League: Master
  • Spawn Location: 7:00

DKZherO (herO)

  • Race: Protoss Protoss
  • League: Grandmaster
  • Spawn Location: 1:00

VOD

Have the link to the VOD?

Description

Time

  • Played on: Nov. 21, 2023, 6:56 a.m.
  • Length: 20:11
Show
View Real Time Build Order
Export as new Build Order

LiquidCure Terran - Winner!

Build Orders: Cyclone Opening 

Get SALT Encoding   

  12  0:00  SCV  
  13  0:12  SCV  
  14  0:17  Supply Depot  
  14  0:24  SCV  
  14  0:27  Refinery  
  15  0:38  SCV  
  16  0:45  Barracks  
  16  0:50  SCV  
  17  1:02  SCV  
  18  1:05  Engineering Bay  
  18  1:15  SCV  
  19  1:31  Orbital Command  
  19  1:32  Marine  
  20  1:36  Factory  
  20  1:49  Supply Depot  
  20  1:51  Barracks Reactor  
  20  1:57  SCV  
  21  2:09  SCV  
  22  2:16  Bunker  
  22  2:20  Cyclone  
  22  2:21  SCV  
  25  2:23  Supply Depot  
  25  2:26  Marine  
  25  2:27  Marine  
  27  2:32  Refinery  
  27  2:33  SCV  
  28  2:43  Starport  
  28  2:45  SCV  
  31  2:54  Widow Mine  
  31  2:57  SCV  
  32  3:08  Command Center  
  33  3:16  Marine  
  33  3:17  Marine  
  35  3:21  Medivac  
  35  3:24  Supply Depot  
  35  3:26  Factory Tech Lab  
  37  3:35  Marine  
  37  3:37  Marine, Bunker  
  37  3:39  SCV  
  39  3:47  Cyclone  
  41  3:54  Liberator  
  44  3:58  Marine  
  45  4:04  Supply Depot  
  45  4:07  SCV  
  46  4:14  Marine  
  47  4:20  Marine  
  47  4:23  SCV  
  49  4:28  Siege Tank  
  52  4:36  Orbital Command  
  52  4:39  Marine x2  
  52  4:43  SCV  
  55  5:00  Siege Tank, Marine  
  55  5:06  Supply Depot  
  59  5:10  Liberator  
  62  5:27  Marine  
  63  5:29  Marine  
  63  5:32  Supply Depot  
  63  5:35  SCV x2  
  61  5:45  Marine  
  61  5:47  Marine  
  59  6:02  Marine  
  60  6:05  Siege Tank  
  64  6:12  Starport Tech Lab  
  64  6:14  Marine  
  64  6:17  Barracks  
  63  6:32  Marine  
  62  6:39  Banshee  
  61  6:41  SCV x2  
  61  6:48  Siege Tank  
  61  6:50  Marine  
  61  6:54  SCV x2  
  61  6:58  Barracks  
  62  7:07  Barracks Tech Lab  
  62  7:08  Marine  
  63  7:09  SCV  
  62  7:20  Orbital Command  
  62  7:21  Refinery  
  62  7:22  SCV  
  60  7:23  Raven  
  60  7:25  Marine  
  63  7:34  SCV  
  62  7:37  Marine  
  56  7:46  SCV  
  56  7:48  SCV  
  56  7:50  Orbital Command  
  52  7:52  Marine  
  52  7:53  Marine  
  52  7:55  Marine  
  52  7:57  Viking  
  52  7:58  SCV  
  57  8:05  Stimpack  
  54  8:10  SCV, Marine  
  54  8:11  Marine  
  55  8:16  SCV  
  55  8:22  SCV  
  56  8:28  SCV  
  56  8:30  Engineering Bay  
  57  8:34  SCV  
  57  8:36  Marine x2  
  57  8:40  SCV  
  61  8:44  Supply Depot  
  61  8:46  Siege Tank, SCV  
  65  8:49  Marine  
  65  8:52  SCV  
  67  8:58  SCV  
  67  9:01  Marine x2  
  69  9:04  SCV  
  69  9:07  Marine  
  69  9:08  Combat Shield  
  69  9:09  Starport Reactor  
  71  9:10  SCV  
  71  9:13  Refinery  
  71  9:16  SCV  
  73  9:18  Terran Infantry Weapons Level 1, Marine  
  73  9:20  Supply Depot  
  73  9:23  SCV  
  75  9:29  SCV  
  75  9:30  Marine x2  
  74  9:35  SCV  
  74  9:36  Marine  
  63  9:41  SCV  
  61  9:47  SCV  
  61  9:48  Marine  
  61  9:50  Marauder  
  61  9:53  SCV  
  61  9:59  SCV  
  62  10:00  Factory Reactor  
  62  10:04  Command Center  
  62  10:05  Supply Depot  
  62  10:06  Marauder  
  65  10:11  SCV, Marauder, Medivac  
  70  10:15  Marine x2  
  70  10:19  Barracks  
  71  10:21  Barracks  
  71  10:24  SCV  
  71  10:25  SCV  
  73  10:31  Missile Turret  
  73  10:32  Concussive Shells, Marauder  
  75  10:36  Marauder  
  75  10:37  Marine  
  75  10:39  Marine  
  79  10:47  Factory Reactor  
  79  10:48  SCV x2  
  78  10:55  Marauder  
  79  10:57  Marine x2  
  79  10:58  Marauder  
  83  11:04  Supply Depot x2  
  83  11:05  Barracks Reactor  
  83  11:08  SCV x2  
  83  11:10  Marauder, Medivac  
  89  11:13  Terran Infantry Armor Level 1  
  89  11:15  Medivac  
  91  11:22  SCV x2  
  90  11:27  Marauder x2  
  90  11:32  Marauder  
  94  11:33  Orbital Command  
  94  11:38  Missile Turret  
  94  11:42  Ghost Academy  
  94  11:45  SCV x2  
  91  11:55  Medivac x2  
  91  11:56  Orbital Command, Widow Mine x2  
  99  12:01  SCV x2  
  101  12:14  Supply Depot, Ghost x3  
  107  12:16  Marine x2  
  107  12:19  Marine  
  110  12:26  Missile Turret  
  110  12:27  SCV x3  
  117  12:30  Widow Mine x2  
  116  12:39  Supply Depot  
  116  12:47  Ghost x3  
  116  12:48  Marine x2  
  116  12:49  SCV, Marine x2  
  116  12:50  SCV x2  
  129  12:56  Widow Mine  
  129  12:57  Widow Mine  
  133  13:02  Supply Depot  
  133  13:03  Supply Depot x2  
  108  13:13  Marine x4  
  108  13:16  Marauder x3  
  110  13:20  Medivac x2  
  110  13:23  Refinery  
  112  13:32  Marine x4  
  102  13:38  Marauder x2  
  102  13:40  Marauder  
  108  13:41  Widow Mine  
  108  13:43  Widow Mine  
  108  13:47  Refinery  
  110  13:50  Marine x2, Medivac  
  110  13:53  Medivac  
  116  13:56  SCV x2  
  116  13:57  SCV  
  116  13:59  Marauder  
  116  14:00  Ghost  
  116  14:01  Marauder  
  125  14:05  Marine x2  
  125  14:07  Widow Mine  
  125  14:08  Marine, Widow Mine  
  125  14:09  Marine  
  133  14:16  Engineering Bay, Armory  
  133  14:20  Marauder  
  133  14:21  Viking  
  133  14:23  Viking  
  139  14:29  Marine x2, Marauder  
  143  14:31  Supply Depot  
  143  14:35  Ghost  
  144  14:41  Ghost  
  144  14:45  Marine x2  
  148  14:47  Widow Mine  
  148  14:48  Widow Mine  
  148  14:50  Ghost  
  154  15:00  Marine x2  
  154  15:02  Marine  
  154  15:04  Marauder  
  159  15:09  Ghost  
  149  15:15  Marine  
  149  15:18  Marine x2  
  149  15:19  Marauder  
  149  15:20  Marine  
  129  15:26  Marauder  
  119  15:33  Marine  
  114  15:35  Marine x2  
  114  15:37  Terran Infantry Weapons Level 2, Widow Mine x2  
  114  15:39  Marauder  
  114  15:40  Ghost  
  124  15:44  Terran Infantry Armor Level 2  
  124  15:46  Ghost  
  126  15:56  Marine x4  
  128  16:00  Marauder  
  130  16:04  Orbital Command  
  130  16:07  Missile Turret  
  130  16:09  Marauder  
  132  16:16  Ghost  
  132  16:17  Marine x4  
  138  16:19  Widow Mine x2  
  138  16:21  Ghost  
  144  16:30  Marauder  
  144  16:34  Marine x2  
  144  16:35  SCV  
  144  16:36  SCV x2  
  149  16:43  Medivac x2  
  149  16:44  Widow Mine  
  149  16:45  Marauder  
  155  16:47  Supply Depot  
  155  16:49  Ghost  
  155  16:51  Widow Mine  
  155  16:52  Marauder  
  161  16:59  Marine x4  
  165  17:07  Marauder, Widow Mine  
  169  17:12  Missile Turret  
  169  17:13  Marauder, Medivac  
  169  17:15  Medivac  
  173  17:16  Refinery  
  173  17:17  Refinery  
  173  17:19  Marine x4, Marauder  
  175  17:28  Marauder  
  177  17:34  Widow Mine x2  
  177  17:35  Marauder  
  181  17:40  Marauder  
  181  18:03  Marauder  
  181  18:08  Supply Depot  
  181  18:12  Command Center  
  181  18:14  Medivac  
  181  18:29  Marine x4, Marauder, Medivac  
  182  18:34  Ghost x2  
  182  18:46  Marine  
  182  18:47  Marine x3  
  186  18:50  Marauder  
  166  19:03  Ghost  
  166  19:04  Marine, Marauder  
  166  19:05  Marine x3  
  154  19:10  Viking x2  
  154  19:11  Ghost  
  154  19:12  Widow Mine  
  154  19:13  Widow Mine  
  161  19:22  Marine  
  161  19:23  Marine x2  
  164  19:25  Orbital Command, Marauder  
  164  19:30  Marine  
  167  19:32  Marauder  
  167  19:35  Barracks  
  164  19:39  Ghost  
  164  19:40  Marine, Viking x2  
  153  19:46  Marauder  
  153  19:49  Marine x2  
  153  19:50  Marine  
Show
View Real Time Build Order
Export as new Build Order

DKZherO Protoss 

Build Orders: Blink Stalkers 

Get SALT Encoding   

  12  0:00  Probe  
  13  0:12  Probe  
  14  0:17  Pylon  
  14  0:24  Probe  
  15  0:36  Gateway  
  15  0:37  Probe  
  15  0:42  Assimilator  
  16  0:49  Probe  
  17  0:54  Pylon  
  17  1:01  Probe  
  18  1:12  Gateway  
  18  1:13  Probe  
  19  1:23  Cybernetics Core  
  19  1:26  Zealot  
  19  1:30  Probe  
  22  1:56  Adept (Chrono Boost)  
  26  2:02  Warp Gate  
  26  2:06  Adept (Chrono Boost)  
  26  2:13  Nexus  
  26  2:19  Adept  
  26  2:22  Probe  
  29  2:29  Pylon  
  29  2:34  Probe (Chrono Boost)  
  30  2:37  Assimilator  
  30  2:46  Probe (Chrono Boost)  
  31  2:53  Probe (Chrono Boost)  
  32  2:58  Twilight Council  
  32  3:01  Probe  
  33  3:06  Shield Battery  
  33  3:13  Probe  
  34  3:25  Probe  
  34  3:26  Probe  
  36  3:30  Blink (Chrono Boost)  
  36  3:37  Probe  
  36  3:38  Probe  
  38  3:47  Robotics Facility  
  38  3:49  Probe  
  38  3:50  Probe  
  38  3:53  Stalker  
  38  3:55  Stalker  
  44  4:01  Shield Battery, Probe  
  44  4:02  Probe  
  45  4:13  Probe  
  45  4:14  Probe  
  45  4:15  Pylon  
  47  4:19  Stalker x2  
  51  4:28  Shield Battery  
  51  4:31  Warp Prism (Chrono Boost)  
  50  4:48  Stalker x2  
  50  5:11  Gateway  
  50  5:12  Pylon  
  50  5:14  Stalker x2  
  50  5:29  Dark Shrine  
  50  5:42  Pylon  
  50  5:43  Pylon  
  48  5:54  Nexus  
  48  6:00  Probe  
  49  6:17  Stalker x2  
  51  6:20  Shield Battery  
  51  6:31  Probe  
  42  6:43  Probe  
  43  6:55  Probe  
  43  6:56  Dark Templar  
  43  6:57  Dark Templar  
  48  7:01  Shield Battery  
  48  7:04  Gateway  
  48  7:05  Gateway  
  48  7:08  Probe  
  49  7:10  Probe  
  50  7:22  Probe x2 (Chrono Boost)  
  50  7:27  Dark Templar  
  50  7:29  Dark Templar  
  54  7:33  Assimilator x2  
  54  7:34  Probe (Chrono Boost)  
  55  7:40  Probe (Chrono Boost)  
  55  7:41  Probe (Chrono Boost)  
  57  7:47  Probe  
  57  7:48  Probe  
  54  7:53  Dark Templar  
  54  7:58  Charge (Chrono Boost)  
  55  7:59  Probe  
  55  8:00  Probe  
  57  8:10  Gateway  
  57  8:11  Gateway, Probe  
  57  8:12  Probe  
  59  8:18  Gateway  
  59  8:23  Probe  
  59  8:24  Probe  
  61  8:35  Zealot x4, Dark Templar  
  61  8:39  Archon  
  73  8:43  Pylon  
  71  8:53  Pylon  
  71  9:02  Zealot x4  
  71  9:08  Zealot  
  79  9:15  Zealot x2  
  71  9:38  Probe x2  
  55  9:43  Templar Archives  
  55  9:44  Dark Templar  
  53  9:49  Stalker x5  
  53  9:51  Sentry  
  63  10:05  Robotics Facility  
  63  10:10  Nexus  
  63  10:14  Shield Battery  
  63  10:18  Psionic Storm  
  63  10:20  High Templar x2  
  67  10:22  Probe x2  
  69  10:29  Pylon  
  69  10:39  Zealot  
  69  10:40  Probe x2  
  73  10:52  Zealot, Probe, High Templar  
  73  10:53  Probe  
  73  10:56  Warp Prism (Chrono Boost)  
  81  11:05  Shield Battery  
  81  11:10  Forge  
  81  11:11  High Templar  
  81  11:18  Probe  
  81  11:19  Probe  
  81  11:23  Probe  
  81  11:24  Dark Templar  
  87  11:28  Observer  
  83  11:33  Probe  
  83  11:34  Probe  
  83  11:35  Probe  
  83  11:37  Zealot x2  
  83  11:38  Zealot  
  90  11:42  Protoss Ground Weapons Level 1 (Chrono Boost)  
  90  11:44  Immortal (Chrono Boost)  
  88  11:54  Zealot x2  
  96  11:55  Archon  
  96  12:00  Zealot x2, High Templar  
  102  12:09  Probe  
  102  12:10  Probe x2, Pylon x2  
  102  12:14  Observer  
  105  12:20  Assimilator, Pylon  
  105  12:21  Assimilator  
  105  12:25  High Templar x2  
  105  12:29  Zealot x4  
  117  12:30  Archon  
  117  12:33  Zealot  
  118  12:37  Immortal  
  120  12:52  Zealot  
  120  12:53  Zealot x3  
  120  12:54  Zealot  
  122  13:07  Archon  
  82  13:21  Zealot x7  
  82  13:23  Robotics Bay  
  82  13:25  Robotics Facility  
  96  13:27  Immortal (Chrono Boost)  
  96  13:28  Archon  
  96  13:34  Protoss Ground Armor Level 1 (Chrono Boost)  
  86  13:44  High Templar x2  
  86  13:45  Zealot, High Templar x2  
  96  13:48  Probe x2  
  96  13:49  Probe  
  96  13:55  Nexus  
  99  14:02  Pylon  
  99  14:04  Observer (Chrono Boost)  
  99  14:05  Photon Cannon  
  99  14:08  High Templar x2  
  99  14:09  Probe x3  
  107  14:14  Pylon  
  107  14:20  Zealot  
  107  14:23  Colossus (Chrono Boost)  
  115  14:28  Shield Battery  
  115  14:30  Shield Battery  
  115  14:35  Colossus (Chrono Boost)  
  115  14:36  Probe x2  
  115  14:37  Probe  
  124  14:45  Extended Thermal Lance  
  122  14:46  Forge  
  122  14:53  Pylon  
  122  15:01  Colossus (Chrono Boost)  
  122  15:04  Stalker  
  130  15:08  Archon  
  114  15:16  Archon  
  114  15:17  Stalker x4  
  106  15:21  Stalker  
  109  15:31  Disruptor (Chrono Boost)  
  103  15:41  Assimilator  
  100  15:43  Zealot x2, Sentry  
  100  15:44  Assimilator, Disruptor (Chrono Boost)  
  100  15:47  Observer  
  104  15:57  Disruptor (Chrono Boost)  
  108  16:05  Nexus  
  108  16:08  Disruptor (Chrono Boost)  
  105  16:19  Stalker x3  
  105  16:20  Stalker  
  105  16:23  Zealot x3  
  112  16:36  Immortal (Chrono Boost)  
  112  16:37  Immortal (Chrono Boost), Photon Cannon  
  120  16:45  Zealot  
  120  16:46  Zealot x3, Sentry  
  130  16:55  Stalker x2  
  135  17:08  Stalker x2  
  135  17:09  Stalker x2  
  135  17:11  Observer x2 (Chrono Boost)  
  143  17:18  Stalker x2  
  146  17:34  High Templar x2  
  149  17:39  High Templar  
  149  17:42  Zealot x2  
  149  17:43  Zealot x2  
  159  17:44  Pylon x2  
  159  17:45  Warp Prism (Chrono Boost)  
  159  17:46  Pylon  
  159  17:50  Pylon  
  159  18:11  Stalker x6  
  171  18:14  Disruptor x2 (Chrono Boost)  
  179  18:20  Zealot  
  173  18:38  Stalker x2  
  173  18:39  Stalker x4  
  185  18:44  Stalker  
  187  18:49  Disruptor (Chrono Boost)  
  131  19:10  High Templar x2  
  131  19:11  Zealot x5  
  143  19:22  Disruptor (Chrono Boost)  
  144  19:24  Nexus  
  144  19:25  Observer (Chrono Boost)  
  144  19:35  Stalker x5  
  115  19:53  Stalker x2  
Tags
 
Add a new tag
Caveats
  • Supply blocks, unpowered buildings, or Contaminate may cause inaccurate times.
  • Supply counts are checked every 10 seconds.